 Dungeon Crawl Stone Soup version 0.26-a0-264-g3a471323bd (webtiles) character file.

Game seed: 2529580876459215922

66623 BritishOli the Protected (level 14, -12/111 HPs)
             Began as a Demonspawn Fighter on July 11, 2020.
             Was the Champion of Okawaru.
             Mangled by a lorocyproca (18 damage)
             ... on level 2 of the Abyss.
             The game lasted 01:35:39 (27581 turns).

BritishOli the Protected (Demonspawn Fighter)      Turns: 27581, Time: 01:35:44

Health: -12/111    AC: 27    Str: 27    XL:     14   Next: 79%
Magic:  0/14       EV: 12    Int: 13    God:    Okawaru [******]
Gold:   1739       SH:  0    Dex: 12    Spells: 13/13 levels left

rFire    + + +     SeeInvis +   W - +2 long sword of the Demagogue {freeze, rN+ Int+3}
rCold    . . .     Faith    .   c - +0 kite shield
rNeg     + . .     Spirit   .   F - +5 plate armour {rF+}
rPois    +         Reflect  +   s - +1 hat
rElec    .         Harm     .   K - +1 cloak {rPois}
rCorr    .                      Y - +2 pair of gloves {Str+3}
MR       +....                  U - +0 pair of boots (curse)
Stlth    ..........             P - amulet of reflection
HPRegen  0.28/turn              M - ring of see invisible
MPRegen  0.14/turn              X - ring "Lonoll" {Wiz rF++}

@: confused, mighty, agile, lightly drained
A: horns 1, yellow scales 2, deformed body, fire resistance 1, powered by death
3, powered by pain 2, strong 1, subdued magic 1
a: Heroism, Finesse, Renounce Religion


You were on level 2 of the Abyss.
You worshipped Okawaru.
Okawaru was exalted by your worship.
You were not hungry.

You visited 5 branches of the dungeon, and saw 23 of its levels.
You visited the Abyss 1 time.
You also visited: Gauntlet.

You collected 2207 gold pieces.
You spent 468 gold pieces at shops.

Inventory:

Hand Weapons
 v - the +11 short sword "Imoj" {vorpal, rElec Dex+3}
   (You found it on level 2 of the Lair of Beasts)

   It inflicts extra damage upon your enemies.
   It affects your dexterity (+3).
   It insulates you from electricity.
 D - a +4 falchion of flaming
 T - the +2 spear of Ummiwne {venom, *Corrode Dex+9}
   (You found it on level 1 of the Lair of Beasts)

   It poisons the flesh of those it strikes.
   It affects your dexterity (+9).
   It may corrode you when you take damage.
 W - the +2 long sword of the Demagogue (weapon) {freeze, rN+ Int+3}
   (You found it on level 12 of the Dungeon)

   It has been specially enchanted to freeze those struck by it, causing extra
   injury to most foes and up to half again as much damage against particularly
   susceptible opponents.
   It can also slow down cold-blooded creatures.
   It affects your intelligence (+3).
   It protects you from negative energy.
Missiles
 C - 21 javelins (quivered)
 G - 12 silver javelins
Armour
 c - a +0 kite shield (worn)
 j - the +4 acid dragon scales of Undesirable Species {rCorr Int+5}
   (Okawaru gifted it to you on level 2 of the Orcish Mines)

   It affects your intelligence (+5).
   It provides partial protection from all sources of acid and corrosion.
 o - the +0 plate armour of the Gardener {rN+}
   (Okawaru gifted it to you on level 6 of the Lair of Beasts)

   It protects you from negative energy.
 s - a +1 hat (worn)
 F - a +5 plate armour of fire resistance (worn)
 K - a +1 cloak of poison resistance (worn)
 Q - the +9 plate armour "Vuasyint" {Harm +Inv rN++ Str-3}
   (Okawaru gifted it to you on level 1 of the Lair of Beasts)

   It affects your strength (-3).
   It greatly protects you from negative energy.
   It lets you turn invisible.
   It increases damage dealt and taken.
 U - a cursed +0 pair of boots (worn)
 Y - a +2 pair of gloves of strength (worn)
Jewellery
 b - the ring "Ynaic" {rElec Dex+2 Stlth+}
   (You found it in a Gauntlet)

   [ring of stealth]

   It affects your dexterity (+2).
   It insulates you from electricity.
   It makes you more stealthy.
 p - a +6 ring of strength
 M - a ring of see invisible (left hand)
 P - an amulet of reflection (around neck)
 R - an uncursed ring of poison resistance
 X - the ring "Lonoll" (right hand) {Wiz rF++}
   (You took it off a minotaur in a Gauntlet)

   [ring of wizardry]

   It improves your spell success rate.
   It greatly protects you from fire.
 Z - an uncursed ring of positive energy
Wands
 l - a wand of acid (2)
 r - a wand of enslavement (2)
 x - a wand of paralysis (21)
 y - a wand of polymorph (8)
 B - a wand of clouds (3)
 S - a wand of disintegration (8)
Scrolls
 e - a scroll of magic mapping
 h - 2 scrolls of fog
 k - 3 scrolls of remove curse
 m - 3 scrolls of fear
 u - 6 scrolls of teleportation
 E - a scroll of blinking
 H - a scroll of identify
 J - 3 scrolls of enchant weapon
 L - a scroll of summoning
Potions
 a - a potion of stabbing {unknown}
 d - 5 potions of might
 g - 4 potions of brilliance {unknown}
 i - 9 potions of curing
 n - 7 potions of flight
 t - 2 potions of resistance {unknown}
 w - 2 potions of heal wounds
 z - a potion of ambrosia {unknown}
 A - 5 potions of berserk rage
 I - 2 potions of lignification {unknown}
 N - 2 potions of haste {unknown}
Miscellaneous
 q - a tin of tremorstones (2/3)
 O - 2 phantom mirrors
Comestibles
 f - 44 rations


   Skills:
 + Level 10.6(10.5) Fighting
 * Level 13.0(12.9) Long Blades
 * Level 13.2(13.1) Armour
 * Level 13.1(13.0) Shields


You had 13 spell levels left.
You didn't know any spells.
Your spell library contained the following spells:

 Spells                   Type           Power        Failure   Level
 Beastly Appendage        Tmut           #.....       67%         1
 Freeze                   Ice            #...         67%         1
 Magic Dart               Conj           #...         67%         1
 Sandblast                Erth           #.....       67%         1
 Summon Small Mammal      Summ           #...         67%         1
 Call Imp                 Summ           #.......     82%         2
 Passwall                 Tmut/Erth      #.......     82%         2
 Searing Ray              Conj           #.....       82%         2
 Sticks to Snakes         Tmut           #.......     82%         2
 Call Canine Familiar     Summ           #.......     95%         3
 Dazzling Flash           Conj/Hex       #.....       95%         3
 Frozen Ramparts          Ice            #.....       95%         3
 Ozocubu's Armour         Chrm/Ice       #.......     95%         3
 Spectral Weapon          Hex/Chrm       #.......     95%         3
 Spider Form              Tmut/Pois      #.........   95%         3
 Stone Arrow              Conj/Erth      #.....       95%         3
 Summon Guardian Golem    Hex/Summ       #.......     95%         3
 Fulminant Prism          Conj/Hex       #.........   100%        4
 Hailstorm                Conj/Ice       #.......     100%        4
 Ice Form                 Ice/Tmut       #.......     100%        4
 Iskenderun's Mystic Bla  Conj/Tloc      #.......     100%        4
 Petrify                  Tmut/Erth      #.......     100%        4
 Summon Ice Beast         Ice/Summ       #.......     100%        4
 Summon Lightning Spire   Summ/Air       #.......     100%        4
 Blade Hands              Tmut           #.........   100%        5
 Irradiate                Conj/Tmut      #.........   100%        5
 Lee's Rapid Deconstruct  Erth           #.........   100%        5
 Metabolic Englaciation   Hex/Ice        #.........   100%        5
 Hydra Form               Tmut           #.........   100%        6
 Invisibility             Hex            #.......     100%        6
 Statue Form              Tmut/Erth      #........    100%        6
 Dragon Form              Tmut           #.........   100%        7
 Discord                  Hex            #.........   100%        8


Dungeon Overview and Level Annotations

Branches:
Dungeon (13/15)            Temple (1/1) D:7            Lair (6/6) D:10
 Shoals (0/4) Lair:2       Spider (1/4) Lair:4        Slime (0/5) Lair:6
    Orc (2/2) D:12            Elf (0/3) Orc:2       Gauntlet (visited)
 Vaults: D:13-14

Altars:
Ashenzari
Cheibriados
Dithmenos
Elyvilon
Fedhas
Gozag
Hepliaklqana
Kikubaaqudgha
Makhleb
Nemelex Xobeh
Okawaru
Qazlal
Ru
Sif Muna
Trog
Uskayaw
Vehumet
Wu Jian
Xom
Yredelemnul
Zin
The Shining One
Beogh

Shops:
D:4 !   Orc:2 (([

Annotations:
Lair:5 3 runed translucent doors, Gargoyl's ghost, journeyman CeAK
Spider:1 Louise


Innate Abilities, Weirdness & Mutations

You have a pair of small horns on your head.
You are mostly covered in yellow scales. (AC +3)
Your flesh is heat resistant. (rF+)
You regenerate a lot of health from kills.
You sometimes gain power by taking damage.
Armour fits poorly on your strangely shaped body.
Your muscles are strong. (Str +2)
Your spells are a little easier to cast, but a little less powerful.


Message History

* * * LOW HITPOINT WARNING * * *
Space bends around you.
* * * LOW HITPOINT WARNING * * *
The spatial maelstrom hits you.
* * * LOW HITPOINT WARNING * * *
You blink.
You feel much better. The lorocyproca hits you!!
* * * LOW HITPOINT WARNING * * *
You focus on the pain.
You feel very mighty all of a sudden.
You feel your power leaking away.
A spatial vortex comes into view.
You feel much better.
The spatial maelstrom hits you but does no damage.
The spatial maelstrom hits you!
* * * LOW HITPOINT WARNING * * *
Space warps horribly around you!
* * * LOW HITPOINT WARNING * * *
The lorocyproca hits you!!
You die...

.# ## # ..## .#.
#..# #.....##...
#...#...#.#
........#
#...#.# #.2.#
###.v@#
##..X#..# #.
#ยง.....##. .
#...v.#.#....#
###.##..#.#...
#.#
#...#..##...#
###.#..#.#.....#
#.G###v##...# ##
#vv.v.v.#### .##


You could see a lorocyproca (invisible), a spatial maelstrom, a spatial vortex
and a large abomination.

Vanquished Creatures
  A minotaur (Gauntlet)
  Snorg (Orc:1)
  Josephine (D:9)
  3 hydras
  Erica (Orc:1)
  A merfolk avatar (Lair:6)
  6 death yaks (Lair:4)
  A two-headed ogre (D:11)
  Urug (Orc:1)
  An orc high priest (Orc:1)
  2 fire crabs
  4 skeletal warriors (D:11)
  2 sea snakes (Lair:6)
  A harpy (shapeshifter) (Abyss:2)
  8 orc knights (Orc:2)
  A harpy (Lair:6)
  An ugly thing (D:10)
  A cyclops (D:11)
  2 manticores
  3 orc sorcerers (Orc:2)
  A moth of wrath (Gauntlet)
  4 black mambas
  2 torpor snails
  3 merfolk sirens (Lair:2)
  9 elephants (Lair:6)
  A centaur zombie (D:11)
  11 cane toads
  2 gargoyles (D:10)
  5 rime drakes
  7 komodo dragons
  A jumping spider (Lair:4)
  8 trolls
  2 wind drakes (Lair:6)
  3 polar bears (Lair:6)
  4 hippogriffs
  2 merfolk
  2 hornets (Lair:6)
  5 blink frogs
  10 dream sheep (Lair:5)
  4 redbacks (Lair:4)
  A shadow (D:12)
  26 yaks
  A tarantella (Spider:1)
  7 wyverns
  5 wraiths (D:9)
  3 basilisks
  4 golden eyes (Abyss:2)
  9 fire bats
  3 vampire mosquitoes (D:12)
  A soldier ant (D:10)
  4 wargs (Orc:2)
  11 water moccasins
  3 porcupines
  A large abomination (Abyss:2)
  A floating eye (D:8)
  2 hell hounds (Gauntlet)
  2 sky beasts
  36 orc warriors
  2 phantoms
  3 ice beasts
  A black bear (D:7)
  15 ogres
  7 wolves
  8 crocodiles
  4 centaurs
  5 small abominations
  4 big kobolds
  6 gnoll sergeants
  13 bullfrogs
  A wyvern skeleton (D:6)
  A water moccasin skeleton (D:8)
  6 scorpions
  7 killer bees
  6 wights
  A howler monkey (D:5)
  5 electric eels
  A lava snake (Lair:6)
  A quasit (D:7)
  3 jellies
  14 orc priests
  5 hounds
  2 centaur skeletons
  2 bullfrog skeletons
  2 iguanas
  27 orc wizards
  7 worker ants
  A hound skeleton (D:11)
  4 gnolls
  12 adders
  5 ufetubi
  4 oozes
  An adder zombie (D:5)
  6 worms
  3 dart slugs
  2 leopard geckos
  105 orcs
  5 bats
  6 giant cockroaches
  8 hobgoblins
  15 jackals
  15 kobolds
  6 quokkas
  3 ball pythons
  6 frilled lizards
  8 goblins
  A quokka skeleton (D:5)
  A quokka zombie (D:7)
  10 rats
634 creatures vanquished.

Vanquished Creatures (others)
  An orc priest (Orc:1)
  A bush (Lair:4)
  8 fungi
  17 plants
  14 starspawn tentacles (Abyss:2)
41 creatures vanquished.

Grand Total: 675 creatures vanquished

Notes
Turn   | Place    | Note
-------+----------+-------------------------------------------
     0 | D:1      | BritishOli the Demonspawn Fighter began the quest for the
                  | Orb.
     0 | D:1      | Reached XP level 1. HP: 18/18 MP: 1/1
    52 | D:1      | Gained mutation: You sometimes gain a little power by
                  | taking damage. [demonic ancestry]
    52 | D:1      | Reached XP level 2. HP: 11/24 MP: 2/2
   612 | D:2      | Gained mutation: You regenerate a little health from kills.
                  | [demonic ancestry]
   612 | D:2      | Reached XP level 3. HP: 27/29 MP: 3/3
  1035 | D:2      | Gained mutation: You are partially covered in yellow
                  | scales. (AC +2) [demonic ancestry]
  1035 | D:2      | Reached XP level 4. HP: 33/35 MP: 4/4
  1291 | D:2      | Found a snail-covered altar of Cheibriados.
  2542 | D:3      | Reached XP level 5. HP: 36/41 MP: 5/5
  2914 | D:3      | Noticed an ogre
  3185 | D:3      | Found a basalt altar of Yredelemnul.
  3544 | D:4      | Noticed a phantom
  3579 | D:4      | Killed a phantom
  3579 | D:4      | Reached XP level 6. HP: 37/48 MP: 6/6
  3870 | D:4      | Found Pucuz's Distillery.
  3901 | D:4      | Gained mutation: You regenerate health from kills. [demonic
                  | ancestry]
  3901 | D:4      | Reached XP level 7. HP: 32/54 MP: 7/7
  4025 | D:4      | Bought a potion of heal wounds for 60 gold pieces
  4025 | D:4      | Bought a potion of curing for 36 gold pieces
  4025 | D:4      | Bought a potion of heal wounds for 60 gold pieces
  4435 | D:5      | Entered Level 5 of the Dungeon
  4620 | D:5      | Reached skill level 5 in Armour
  4666 | D:5      | Noticed a yak
  4667 | D:5      | Noticed a yak
  4667 | D:5      | Noticed a yak
  4667 | D:5      | Noticed a yak
  4667 | D:5      | Noticed a yak
  4682 | D:5      | Killed a yak
  4682 | D:5      | Reached skill level 5 in Shields
  4688 | D:5      | Killed a yak
  4688 | D:5      | Reached skill level 5 in Long Blades
  4688 | D:5      | Reached XP level 8. HP: 57/61 MP: 8/8
  4711 | D:5      | Reached skill level 5 in Fighting
  6127 | D:6      | Reached XP level 9. HP: 52/68 MP: 9/9
  6811 | D:7      | Found a burning altar of Makhleb.
  6814 | D:7      | Found a hazy altar of Hepliaklqana.
  6817 | D:7      | Found a shadowy altar of Dithmenos.
  6820 | D:7      | Found a stormy altar of Qazlal.
  6869 | D:7      | Found a staircase to the Ecumenical Temple.
  6936 | Temple   | Entered the Ecumenical Temple
  7023 | Temple   | Became a worshipper of Warmaster Okawaru
  8024 | D:7      | Found an ancient bone altar of Kikubaaqudgha.
  8221 | D:8      | Noticed Harold
  9320 | D:9      | Noticed a four-headed hydra
  9378 | D:8      | You fall into a shaft and drop 3 floors!
  9435 | D:11     | Noticed a manticore
  9438 | D:11     | Noticed a gargoyle
  9559 | D:11     | Noticed a two-headed ogre
  9582 | D:11     | Noticed Maurice
  9587 | D:11     | Reached * piety under Okawaru
  9588 | D:11     | Gained mutation: You sometimes gain power by taking damage.
                  | [demonic ancestry]
  9588 | D:11     | Reached XP level 10. HP: 36/76 MP: 10/10
  9602 | D:10     | Entered Level 10 of the Dungeon
  9731 | D:10     | Found a staircase to the Lair.
  9873 | D:10     | Reached ** piety under Okawaru
 10008 | D:10     | Noticed a gargoyle
 10047 | D:10     | Killed a gargoyle
 10475 | D:10     | Noticed Josephine
 10848 | D:9      | HP: 2/77 [Josephine/ghostly fireball (33)]
 10851 | D:9      | Killed Josephine
 10851 | D:9      | Reached *** piety under Okawaru
 11830 | D:8      | Reached **** piety under Okawaru
 11999 | D:8      | Noticed Harold
 11999 | D:8      | Harold changed into Harold the floating eye
 12002 | D:8      | Killed Harold the floating eye
 12002 | D:8      | Gained mutation: You are mostly covered in yellow scales.
                  | (AC +3) [demonic ancestry]
 12002 | D:8      | Reached XP level 11. HP: 79/84 MP: 11/11
 12847 | D:9      | Received a gift from Okawaru
 13133 | D:11     | Noticed a green ugly thing
 13176 | D:10     | Killed a green ugly thing
 13609 | D:11     | Noticed Maurice
 13609 | D:11     | Maurice changed into Maurice the blink frog
 13612 | D:11     | Killed Maurice the blink frog
 13791 | D:11     | Killed a two-headed ogre
 13942 | D:11     | Reached ***** piety under Okawaru
 14059 | D:12     | Noticed a skeletal warrior
 14097 | D:11     | Killed a skeletal warrior
 14151 | D:12     | Noticed a skeletal warrior
 14198 | D:11     | Killed a skeletal warrior
 14492 | D:12     | Noticed a skeletal warrior
 14494 | D:12     | Noticed a skeletal warrior
 14541 | D:11     | Killed a skeletal warrior
 14745 | D:11     | Killed a skeletal warrior
 14745 | D:11     | Received a gift from Okawaru
 14992 | D:12     | Reached skill level 10 in Armour
 15202 | D:12     | Received a gift from Okawaru
 15264 | D:12     | Reached skill level 10 in Shields
 15280 | D:12     | Gained mutation: You regenerate a lot of health from kills.
                  | [demonic ancestry]
 15280 | D:12     | Reached XP level 12. HP: 83/92 MP: 12/12
 15290 | D:12     | Reached skill level 10 in Long Blades
 15308 | D:12     | Found a staircase to the Orcish Mines.
 15592 | D:13     | Noticed a death knight
 15676 | Lair:1   | Entered Level 1 of the Lair of Beasts
 16149 | Lair:1   | Received a gift from Okawaru
 16150 | Lair:1   | Got a distressingly furry plate armour {god gift}
 16161 | Lair:1   | Identified the +9 plate armour "Vuasyint" {Harm +Inv rN++
                  | Str-3} (Okawaru gifted it to you on level 1 of the Lair of
                  | Beasts)
 16595 | Lair:1   | Got an encrusted spear
 16938 | Lair:2   | Noticed a five-headed hydra
 17061 | D:12     | Got a warped long sword
 17062 | D:12     | Identified the +2 long sword of the Demagogue {freeze, rN+
                  | Int+3} (You found it on level 12 of the Dungeon)
 17064 | D:12     | Identified the +2 spear of Ummiwne {venom, *Corrode Dex+9}
                  | (You found it on level 1 of the Lair of Beasts)
 17189 | D:10     | Killed a one-headed hydra
 17189 | D:10     | Reached ****** piety under Okawaru
 17437 | Lair:2   | Found a staircase to the Shoals.
 18432 | Lair:3   | You fall into a shaft and drop 2 floors!
 18776 | Lair:5   | Found a runed translucent gate.
 18776 | Lair:5   | Found a runed translucent gate.
 18776 | Lair:5   | Found a runed translucent gate.
 18776 | Lair:5   | Noticed Gargoyl's ghost (journeyman CeAK)
 18811 | Lair:5   | Noticed a five-headed hydra
 18820 | Lair:5   | Killed a one-headed hydra
 18845 | Lair:5   | Received a gift from Okawaru
 18907 | Lair:5   | Gained mutation: You have a pair of small horns on your
                  | head. [demonic ancestry]
 18907 | Lair:5   | Reached XP level 13. HP: 101/101 MP: 13/13
 19569 | Lair:6   | Entered Level 6 of the Lair of Beasts
 20061 | Lair:6   | Found a staircase to the Slime Pits.
 20567 | Lair:6   | Received a gift from Okawaru
 20576 | Lair:6   | Got a pitted plate armour {god gift}
 20587 | Lair:6   | Identified the +0 plate armour of the Gardener {rN+}
                  | (Okawaru gifted it to you on level 6 of the Lair of Beasts)
 21639 | Lair:4   | Reached skill level 10 in Fighting
 21644 | Lair:4   | Gained mutation: Your flesh is heat resistant. (rF+)
                  | [demonic ancestry]
 21644 | Lair:4   | Reached XP level 14. HP: 56/110 MP: 14/14
 22631 | Lair:4   | Found a hole to the Spider Nest.
 23231 | Orc:1    | Entered Level 1 of the Orcish Mines
 23364 | Orc:2    | Entered Level 2 of the Orcish Mines
 23370 | Orc:2    | Found a gate leading to a gauntlet.
 23385 | Gauntlet | Entered a Gauntlet
 23385 | Gauntlet | Found a transporter.
 23385 | Gauntlet | Found a transporter.
 23547 | Gauntlet | Found a transporter.
 23557 | Gauntlet | Found a transporter.
 23575 | Gauntlet | Found a transporter.
 23587 | Gauntlet | Found a transporter.
 23667 | Gauntlet | Found a transporter.
 23681 | Gauntlet | Found a transporter.
 23697 | Gauntlet | Found a transporter.
 23710 | Gauntlet | Found a transporter.
 23726 | Gauntlet | Found a transporter.
 23793 | Gauntlet | Found a transporter.
 23803 | Gauntlet | Found a transporter.
 23816 | Gauntlet | Found a transporter.
 23837 | Gauntlet | Found a transporter.
 23881 | Gauntlet | Found a transporter.
 24191 | Gauntlet | Identified the ring "Lonoll" {Wiz rF++}
 24217 | Gauntlet | Received a gift from Okawaru
 24267 | Gauntlet | Got a warped tin ring
 24270 | Gauntlet | Identified the ring "Ynaic" {rElec Dex+2 Stlth+} (You found
                  | it in a Gauntlet)
 24277 | Gauntlet | Identified Fame's Volume of Egomania
 24416 | Orc:2    | Found a roughly hewn altar of Beogh.
 24597 | Orc:2    | Found Jerr's Antique Weapon Emporium.
 24686 | Orc:2    | Found Junorcho's Weapon Shop.
 24746 | Orc:2    | Received a gift from Okawaru
 24747 | Orc:2    | Got distressingly furry acid dragon scales {god gift}
 24757 | Orc:2    | Found a roughly hewn altar of Beogh.
 24917 | Orc:2    | Found Raluotal's Gadget Shop.
 24917 | Orc:2    | Found Dyog's Antique Armour Emporium.
 25087 | Orc:2    | Found a staircase to the Elven Halls.
 25446 | D:4      | Bought a potion of mutation for 96 gold pieces
 25656 | Lair:2   | Got a warped short sword
 25657 | Lair:2   | Identified the +11 short sword "Imoj" {vorpal, rElec Dex+3}
                  | (You found it on level 2 of the Lair of Beasts)
 25668 | Lair:2   | Identified the +4 acid dragon scales of Undesirable Species
                  | {rCorr Int+5} (Okawaru gifted it to you on level 2 of the
                  | Orcish Mines)
 25678 | Lair:2   | Gained mutation: Armour fits poorly on your strangely
                  | shaped body. [potion of mutation]
 25678 | Lair:2   | Gained mutation: Scrolls take you a little longer to read.
                  | [potion of mutation]
 25678 | Lair:2   | Gained mutation: Your system is resistant to poisons.
                  | (rPois) [potion of mutation]
 25679 | Lair:2   | Lost mutation: Scrolls take you a little longer to read.
                  | [potion of mutation]
 25679 | Lair:2   | Lost mutation: Your system is resistant to poisons. (rPois)
                  | [potion of mutation]
 25679 | Lair:2   | Gained mutation: Your spells are a little easier to cast,
                  | but a little less powerful. [potion of mutation]
 25679 | Lair:2   | Gained mutation: Your muscles are strong. (Str +2) [potion
                  | of mutation]
 25890 | D:4      | Bought a potion of cancellation for 96 gold pieces
 25890 | D:4      | Bought a potion of heal wounds for 60 gold pieces
 25890 | D:4      | Bought a potion of berserk rage for 60 gold pieces
 26099 | Orc:1    | Noticed Erica
 26099 | Orc:1    | Noticed Urug
 26112 | Orc:1    | Noticed Snorg
 26149 | Orc:1    | Killed Snorg
 26164 | Orc:1    | Killed Erica
 26172 | Orc:1    | Killed Urug
 26885 | Orc:1    | Paralysed by an orc sorcerer for 5 turns
 27306 | Spider:1 | Entered Level 1 of the Spider Nest
 27307 | Spider:1 | Noticed Louise
 27328 | Spider:1 | Cast into level 2 of the Abyss (Louise)
 27328 | Abyss:2  | Found a corrupted altar of Lugonu.
 27367 | Abyss:2  | Noticed a starcursed mass
 27470 | Abyss:2  | Noticed a tentacled starspawn
 27580 | Abyss:2  | HP: 1/111 [lorocyproca (26)]
 27581 | Abyss:2  | Mangled by a lorocyproca

Illustrated notes

Levels and vault maps discovered:
D:1:      zaba_arrival_water, layout_basic
D:2:      minmay_chambers_of_twos, layout_loops_corners, kennysheep_slug_shrine,
          first_ration, minmay_diced_spiral
D:3:      layout_basic, lemuel_doored_altar
D:4:      layout_basic, serial_shops, shop
D:5:      layout_loops_cross
D:6:      layout_cave_pools
D:7:      layout_basic, grunt_temple_overflow_cloverleaf,
          lemuel_coloured_pillars_altar, minmay_temple_entry_wispy
D:8:      layout_basic, uniq_harold
D:9:      layout_gridville
D:10:     layout_gridville, lair_entry_dummy, uniq_josephine
D:11:     layout_cave_pools, hangedman_fish_farm, uniq_maurice
D:12:     layout_big_octagon, kennysheep_orc_monster_closet_entryway
D:13:     layout_rooms, erik_vaults_1, serial_rivers,
          chequers_serial_rivers_room_b, chequers_serial_rivers_micro_d,
          chequers_serial_rivers_micro_d, chequers_serial_rivers_room_b,
          chequers_serial_rivers_small_3, chequers_serial_rivers_micro_a,
          bh_chokoban
Temple:   eino_wide_crystal_templ
Lair:1:   layout_regular_city, chequers_serial_rivers_small_3,
          grunt_forest_stairs_basic
Lair:2:   layout_regular_city, elwin_shoals_entry_stream, serial_rivers,
          chequers_serial_rivers_small_b, chequers_serial_rivers_large_a,
          chequers_serial_rivers_micro_b, chequers_serial_rivers_room_b,
          chequers_serial_rivers_micro_c, chequers_serial_rivers_room_a
Lair:3:   layout_roguey, serial_bayou_lagoon_a, serial_bayou_shore_a,
          infiniplex_staircase_pool
Lair:4:   layout_small_grid, spider_nest_entry_funnel_web, serial_bayou_lagoon_b
Lair:5:   layout_cellular_growth, ebering_ghost_rock_garden, wad_woods_river_03
Lair:6:   gammafunk_lair_ancient_temple, layout_gridlike,
          nicolae_slime_entry_slimehenge
Spider:1: nicolae_spider_mines_1, uniq_louise
Orc:1:    layout_caves, guppyfry_library_mini, uniq_snorg, uniq_erica, uniq_urug
Orc:2:    st_orc_town, layout_diamond_mine, gauntlet_entry_generic, basic_altar
Abyss:2:  base: Temple, evilmike_abyss_exit_glass

Skill      XL: |  1  2  3  4  5  6  7  8  9 10 11 12 13 14 |
---------------+-------------------------------------------+-----
Long Blades    | 2 3 4 5 6 7 8 9 11 12 13 | 13.0
Armour         | 3 4 5 6 7 8 10 11 12 13 | 13.2
Shields        | 3 4 5 6 7 8 10 11 12 13 | 13.1
Fighting       | 4 5 6 7 8 9 10 | 10.6

Action                   |  1- 3 |  4- 6 |  7- 9 | 10-12 | 13-15 || total
-------------------------+-------+-------+-------+-------+-------++-------
Melee: Long sword        |   117 |   248 |   420 |   213 |   972 ||  1970
       Falchion          |       |       |    79 |   820 |     8 ||   907
       Headbutt          |       |       |       |       |   348 ||   348
       Short sword       |       |       |       |       |   190 ||   190
Throw: Javelin           |       |       |       |    10 |     5 ||    15
Evoke: Wand              |       |     4 |    18 |    18 |     4 ||    44
       Tin of tremorston |       |       |       |       |     3 ||     3
  Use: Scroll            |       |       |    13 |     7 |     8 ||    28
       Potion            |       |       |     1 |     1 |     7 ||     9
 Stab: Distracted        |       |       |     1 |       |       ||     1
       Fleeing           |       |       |       |       |     1 ||     1
  Eat: Ration            |       |     3 |     5 |     8 |     8 ||    24
Armor: Scale mail        |    67 |   131 |     6 |       |       ||   204
       Ring mail         |       |       |   177 |    53 |       ||   230
       Plate armour      |       |       |       |   341 |   595 ||   936
Dodge: Dodged            |    37 |    61 |   161 |   246 |   345 ||   850
Block: Kite shield       |    80 |   105 |   347 |   577 |   888 ||  1997
       Reflection        |       |       |       |       |     8 ||     8
       Rpst.: Long sword |    10 |    28 |    33 |    10 |    73 ||   154
       Falchion          |       |       |     5 |    55 |       ||    60

Table legend:
 A = Non-vault XP
 B = Vault XP
 C = Vault XP percentage of total XP
 D = Non-vault monster count
 E = Vault monster count
 F = Vault count percentage of total count
                 A         B        C        D         E       F
            +---------+---------+-------+---------+---------+-------
      Total |   60652 |   34524 |  36.3 |     469 |     165 |  26.0
            +---------+---------+-------+---------+---------+-------
        D:1 |      75 |       3 |   3.8 |      22 |       2 |   8.3
        D:2 |      79 |      38 |  32.5 |      30 |      11 |  26.8
        D:3 |     216 |       0 |   0.0 |      21 |       0 |   0.0
        D:4 |     539 |       0 |   0.0 |      16 |       0 |   0.0
        D:5 |    1671 |       0 |   0.0 |      27 |       0 |   0.0
        D:6 |     476 |       0 |   0.0 |      10 |       0 |   0.0
        D:7 |    1360 |       0 |   0.0 |      45 |       0 |   0.0
        D:8 |     471 |     145 |  23.5 |      17 |       1 |   5.6
        D:9 |    2131 |    2125 |  49.9 |      28 |       6 |  17.6
       D:10 |    3472 |       0 |   0.0 |      18 |       0 |   0.0
       D:11 |    6917 |     538 |   7.2 |      18 |       2 |  10.0
       D:12 |    3118 |    1800 |  36.6 |      33 |      20 |  37.7
     Temple |      93 |       0 |   0.0 |       1 |       0 |   0.0
     Lair:1 |    2157 |       0 |   0.0 |      10 |       0 |   0.0
     Lair:2 |    1903 |    1685 |  47.0 |       8 |       4 |  33.3
     Lair:3 |    3567 |       0 |   0.0 |      19 |       0 |   0.0
     Lair:4 |    9013 |    1213 |  11.9 |      21 |       5 |  19.2
     Lair:5 |    6758 |       0 |   0.0 |      25 |       0 |   0.0
     Lair:6 |    6691 |   11660 |  63.5 |      20 |      33 |  62.3
   Spider:1 |     214 |       0 |   0.0 |       1 |       0 |   0.0
      Orc:1 |    1416 |    3245 |  69.6 |      21 |      11 |  34.4
      Orc:2 |    6429 |    7195 |  52.8 |      49 |      53 |  52.0
    Abyss:2 |    1886 |       0 |   0.0 |       9 |       0 |   0.0
   Gauntlet |       0 |    4877 | 100.0 |       0 |      17 | 100.0
            +---------+---------+-------+---------+---------+-------
